 Dungeon Crawl Stone Soup version 0.31-a0-1591-g515db51633 (webtiles) character file.

Game seed: 15363495790994612984

73 Amplified the Apothecary (level 4, -1/36 HPs)
             Began as a Minotaur Alchemist on Jan 6, 2024.
             Slain by an orc wizard
             ... wielding a +0 dagger
              (2 damage)
             ... on level 3 of the Dungeon.
             The game lasted 00:04:29 (2161 turns).

Amplified the Apothecary (Minotaur Alchemist)       Turns: 2161, Time: 00:04:30

Health: -1/36      AC:  2    Str: 12    XL:     4   Next: 8%
Magic:  5/6        EV: 12    Int: 12    God:
Gold:   445        SH:  0    Dex: 13    Spells: 5/7 levels left

rFire   . . .        g - +1 falchion (flame)
rCold   . . .        (no shield)
rNeg    . . .        a - +0 robe
rPois   .            (helmet restricted)
rElec   .            d - scarf {shadows}
rCorr   .            (no gloves)
SInv    .            (no boots)
Will    +....        (no amulet)
Stlth   ++           e - ring of willpower
HPRegen 0.26/turn    (no ring)
MPRegen 0.10/turn

%: no passive effects
@: brilliant, invisible
A: horns 2, retaliatory headbutt
a: no special abilities


You were on level 3 of the Dungeon.
You visited 1 branch of the dungeon, and saw 3 of its levels.

You collected 631 gold pieces.
You spent 186 gold pieces at shops.

Inventory:

Hand Weapons
 b - a +0 mace
 g - a +1 falchion of flaming (weapon)
Armour
 a - a +0 robe (worn)
 c - a +0 ring mail
 d - a scarf of shadows (worn)
Jewellery
 e - a ring of willpower (left hand)
Potions
 f - a potion of brilliance
 i - a potion of invisibility


   Skills:
 * Level 2.1 Fighting
 * Level 0.8 Long Blades
 - Level 1.1 Maces & Flails
 - Level 2.1 Dodging
 - Level 1.5 Stealth
 * Level 2.0 Spellcasting
 - Level 0.6 Conjurations
 * Level 2.6 Alchemy


You had 5 spell levels left.
You knew the following spells:

 Your Spells              Type           Power      Damage    Failure   Level
a - Sting                 Conj/Alch      28%        1d4       14%         1
b - Summon Small Mammal   Summ           4%         N/A       26%         1

Your spell library contained the following spells:

 Spells                   Type           Power      Damage    Failure   Level
 Mercury Vapours          Alch/Air       12%        N/A       24%         2
 Slow                     Hex            4%         N/A       26%         1
 Mephitic Cloud           Conj/Alch/Air  5%         N/A       45%         3
 Call Canine Familiar     Summ           1%         N/A       63%         3
 Confusing Touch          Hex            1%         N/A       63%         3
 Sigil of Binding         Hex            1%         N/A       63%         3
 Summon Ice Beast         Ice/Summ       1%         N/A       63%         3
 Vampiric Draining        Necr           1%         2d6       63%         3
 Olgreb's Toxic Radiance  Alch           11%        N/A       65%         4
 Sticky Flame             Fire/Alch      6%         2d4       83%         4
 Summon Blazeheart Golem  Fire/Summ      1%         N/A       95%         4
 Summon Forest            Summ/Tloc      0%         N/A       100%        5
 Lehudib's Crystal Spear  Conj/Erth      1%         10d2      100%        8


Dungeon Overview and Level Annotations

Branches:
Dungeon (3/15)

Altars:

Shops:
D:1 (   D:2 ?

Annotations:
D:1 Dextaur
D:2 Reacquire
D:3 1 runed translucent door, capka3m's ghost, amateur TrSh


Innate Abilities, Weirdness & Mutations

You have a pair of horns on your head.
You reflexively headbutt those who attack you in melee.


Message History

* * * LOW HITPOINT WARNING * * *
The orc hits you but does no damage. Something hits you but does no damage.
The orc hits you with a +0 dagger.
* * * LOW HITPOINT WARNING * * *
It was a potion of invisibility.
You fade into invisibility!
The orc closely misses you. You furiously retaliate!
You headbutt the orc.
You hear some strange, mumbled words.
A puff of flame appears from out of thin air!
The puff of flame hits you.
* * * LOW HITPOINT WARNING * * *
You aren't carrying any scrolls.
Unknown command.
Okay, then.
Okay, then.
Casting: Sting (safe; 14% risk of failure)
Confirm with . or Enter, or press ? or * to list all spells.
Okay, then.
Casting: Sting (safe; 14% risk of failure)
Confirm with . or Enter, or press ? or * to list all spells.
Okay, then.
You closely miss the orc.
The orc is heavily wounded.
Unknown command.
You hit the orc. You burn the orc.
The orc is severely wounded.
The orc barely misses you.
Unknown command.
You barely miss something. Your headbutt misses something. Something hits you.
* * * LOW HITPOINT WARNING * * *
The orc hits you but does no damage.
Unknown command.
You hit something. You burn something. Something hits you.
* * * LOW HITPOINT WARNING * * *
The orc closely misses you. Something hits you but does no damage.
Unknown command.
You hit the orc but do no damage.
The orc is severely wounded.
Something hits you.
You die...

#.. ## ##.# ######
#.####### #.##... .....
#....){@# #.#..######..
....####o#.#
#........... ##
#.##.#.#.†#######. #.#
#.##..#######. #.#
#......>......
#.####.###..#.#########
#...........#.#######
#######.##..#..#~~~~~
#.##..#..+F~~~!


You could see an orc (unable to see you).

Vanquished Creatures
  2 adders
  2 orcs (D:3)
  8 endoplasms
  6 giant cockroaches (D:1)
  2 goblins
  2 hobgoblins
  3 jackals (D:3)
  3 ball pythons
  7 bats
  3 frilled lizards (D:1)
  3 kobolds (D:1)
  9 rats
50 creatures vanquished.

Notes
Turn   | Place    | Note
-------+----------+-------------------------------------------
     0 | D:1      | Amplified the Minotaur Alchemist began the quest for the
                  | Orb.
     0 | D:1      | Reached XP level 1. HP: 14/14 MP: 1/1
   144 | D:1      | Reached XP level 2. HP: 18/22 MP: 3/3
   172 | D:1      | Reached skill level 1 in Fighting
   193 | D:1      | Learned a level 1 spell: Summon Small Mammal
   363 | D:1      | Reached skill level 1 in Maces & Flails
   473 | D:1      | Found Ugguriq's Antique Weapon Boutique.
   758 | D:1      | Reached XP level 3. HP: 28/28 MP: 4/4
  1517 | D:2      | Identified a scroll of acquirement
  1517 | D:2      | Acquired 524 gold pieces
  1579 | D:1      | Bought a glowing falchion for 186 gold pieces
  1773 | D:2      | Got the Precepts of the Big Fish
  1933 | D:2      | Found Wijoecox's Magic Scroll Shoppe.
  2111 | D:3      | Reached XP level 4. HP: 36/36 MP: 6/6
  2114 | D:3      | Found a runed translucent door.
  2117 | D:3      | Noticed capka3m's ghost (amateur TrSh)
  2118 | D:3      | Noticed a bullfrog
  2160 | D:3      | HP: 1/36 [something (1)]
  2161 | D:3      | Slain by an orc wizard

Illustrated notes

Levels and vault maps discovered:
D:1:      lemuel_arrival_room, layout_basic, serial_shops,
          nicolae_shop_behind_doors, st_stairs_10, serial_bayou_ford_a,
          minmay_split_cup_small
D:2:      layout_loops_corners, serial_shops, nicolae_shop_pleasant_corner_grove
D:3:      layout_loops_ring, nicolae_wu_jian_immortal_techniques, trog_book,
          lemuel_round_altar, ebering_ghost_sewer_f

Skill      XL: |  1  2  3 |
---------------+----------+-----
Fighting       | 1 2 |  2.1
Maces & Flails | 1 |  1.1
Spellcasting   | 2 |  2.0
Long Blades    | |  0.8
Dodging        | |  2.1
Stealth        | |  1.5
Conjurations   | |  0.6
Alchemy        | |  2.6

Action                     |  1- 3 |  4- 6 || total
---------------------------+-------+-------++-------
  Melee: Unarmed           |    11 |       ||    11
         Mace              |    50 |       ||    50
         Headbutt          |     9 |     2 ||    11
         Falchion          |    16 |    16 ||    32
   Cast: Sting             |     8 |     2 ||    10
    Use: Potion            |     1 |     3 ||     4
         Scroll            |     4 |       ||     4
   Stab: Sleeping          |     6 |       ||     6
 Armour: Robe              |    30 |    21 ||    51
  Dodge: Dodged            |    72 |    11 ||    83

Table legend: (Time is in decaauts)
 A = Elapsed time spent in this place.
 B = Non-inter-level travel time spent in this place.
 C = Inter-level travel time spent in this place.
 D = Time resting spent in this place.
 E = Time spent auto-exploring this place.
 F = Levels seen in this place.
 G = Mean time per level.
                   A        B        C        D        E       F      G
               +--------+--------+--------+--------+--------+-----+--------+
         Total |   2204 |   2004 |    200 |    152 |   1449 |   3 |  734.7 |
       Dungeon |   2204 |   2004 |    200 |    152 |   1449 |   3 |  734.7 |
               +--------+--------+--------+--------+--------+-----+--------+

Top non-repeatable levels by time:
     D:2: 1029 daAuts
     D:1: 992 daAuts
     D:3: 182 daAuts
